 Dungeon Crawl Stone Soup version 0.19.5 (webtiles) character file.

3994 Everybody the Arsonist (level 9, -1/63 HPs)
             Began as a Demigod Fire Elementalist on May 10, 2017.
             Slain by a sky beast (5 damage)
             ... on level 7 of the Dungeon.
             The game lasted 00:22:44 (7426 turns).

Everybody the Arsonist (Demigod Fire Elementalist)  Turns: 7426, Time: 00:22:45

Health: -1/63      AC:  4    Str: 11    XL:     9   Next: 73%
Magic:  18/20      EV: 15    Int: 25    God:
Gold:   489        SH:  0    Dex: 16    Spells: 5 memorised, 1 level left

rFire  + . .     SeeInvis .     j - +1 long sword (freeze)
rCold  x . .     Gourm    .     H - +2 robe {MR+}
rNeg   . . .     Faith    .     (no shield)
rPois  .         Spirit   .     (no helmet)
rElec  .         Reflect  .     (no cloak)
rCorr  .         Harm     .     (no gloves)
MR     ++...                    (no boots)
Stlth  ++........               (no amulet)
                                q - ring of protection from magic
                                D - ring of fire

@: no status effects
A: high mp 1
a: no special abilities


You were on level 7 of the Dungeon.
You were not hungry.

You visited 1 branch of the dungeon, and saw 8 of its levels.

You collected 489 gold pieces.

Inventory:

Hand Weapons
 j - a +1 long sword of freezing (weapon)
 G - a +1 whip of flaming
Armour
 a - a +0 robe
 y - a +2 robe of fire resistance
 H - a +2 robe of magic resistance (worn)
Magical Staves
 d - an uncursed staff of earth
 v - an uncursed staff of cold
Jewellery
 q - a ring of protection from magic (right hand)
 D - a ring of fire (left hand)
Wands
 i - a wand of random effects (24/48)
Scrolls
 h - 3 scrolls of amnesia
 m - 6 scrolls of identify
 n - 2 scrolls of recharging
 p - a scroll of fear
Potions
 e - a potion of heal wounds
 f - a potion of might
 g - 2 potions of haste
 k - a potion of lignification {unknown}
 x - 3 potions of flight {unknown}
 A - 3 potions of brilliance {unknown}
 C - a potion of invisibility {unknown}
 E - a potion of agility
Books
 b - a book of Flames

   Spells                             Type                      Level
   a - Flame Tongue                   Conjuration/Fire             1
   b - Throw Flame                    Conjuration/Fire             2
   c - Conjure Flame                  Conjuration/Fire             3
   d - Inner Flame                    Hexes/Fire                   3
   e - Sticky Flame                   Conjuration/Fire             4
   f - Fireball                       Conjuration/Fire             5
Comestibles
 c - 6 bread rations
 l - 2 meat rations
 o - a fruit
 r - 3 slices of pizza
 z - a beef jerky
 B - 2 royal jellies


   Skills:
 + Level 0.3 Fighting
 + Level 0.1 Long Blades
 + Level 5.4 Dodging
 - Level 1.7 Stealth
 + Level 4.9 Spellcasting
 + Level 7.8 Conjurations
 + Level 8.3 Fire Magic


You had one spell level left.
You knew the following spells:

 Your Spells              Type           Power        Failure   Level  Hunger
a - Flame Tongue          Conj/Fire      #####        1%          1    None
b - Conjure Flame         Conj/Fire      ######..     1%          3    ##.....
c - Inner Flame           Hex/Fire       #####...     6%          3    ##.....
d - Sticky Flame          Conj/Fire      ######..     3%          4    ####...
e - Fireball              Conj/Fire      ######....   12%         5    #####..


Dungeon Overview and Level Annotations

Branches:
Dungeon (8/15)             Temple (0/1) D:6
   Lair: D:8-11

Shops:
D:6 =


Innate Abilities, Weirdness & Mutations

You have an increased reservoir of magic. (+10% MP)


Message History

Something hits you but does no damage. Something hits you.
Something shocks you.
You see here a hand axe.
You barely miss something. Something hits you but does no damage.
Something hits you. Something shocks you.
* * * LOW HITPOINT WARNING * * *
Something hits you.
* * * LOW HITPOINT WARNING * * *
Something shocks you.
* * * LOW HITPOINT WARNING * * *
Something barely misses you.
There is an escape hatch in the ceiling here.
Unknown command.
Something hits you but does no damage. A mysterious force pulls you upwards.
The hatch slams shut behind you.
Unknown command.
You start resting.
Something hits you.
* * * LOW HITPOINT WARNING * * *
Something shocks you.
You die...

.....####...##...# ##...#
......##.<..###..### ##.##.#
....................###.###.#
.....#.................## #.#
.......########...###..# #.#
.......# ##....###.## ###
......## ##.......#..#
.......# #.........#.####
...(...## #...@.......##.#
........# #.#............##
#.......###..###.........##
............#####.......##
.....##..................#
....###....<.............##
...##.....................#
..####.............(......###
....#.......................#


There were no monsters in sight!

Vanquished Creatures
  Pikel (D:5)
  A hippogriff (D:7)
  5 yaks (D:8)
  A phantom (D:8)
  A sky beast (D:6)
  2 ice beasts
  4 centaurs
  3 bullfrogs
  A water moccasin zombie (D:7)
  2 scorpions
  3 wights (D:7)
  2 crimson imps (D:5)
  A bullfrog zombie (D:7)
  17 orc wizards
  9 orc priests
  3 hounds
  Jessica (D:4)
  A bullfrog skeleton (D:8)
  3 iguanas
  6 worker ants
  A hound skeleton (D:4)
  4 gnolls
  11 adders
  2 shadow imps
  An ooze (D:2)
  2 adder skeletons
  A worm (D:3)
  4 dart slugs
  3 leopard geckos
  34 orcs
  A ball python (D:3)
  5 giant cockroaches
  9 goblins
  6 hobgoblins
  13 jackals
  4 quokkas
  8 bats
  5 frilled lizards
  A jackal skeleton (D:4)
  9 kobolds
  6 rats
197 creatures vanquished.

Notes
Turn   | Place    | Note
-------+----------+-------------------------------------------
     0 | D:1      | Everybody the Demigod Fire Elementalist began the quest for the Orb.
     0 | D:1      | Reached XP level 1. HP: 14/14 MP: 5/5
    39 | D:1      | Reached skill level 1 in Conjurations
   273 | D:1      | Reached skill level 3 in Fire Magic
   273 | D:1      | Reached XP level 2. HP: 20/20 MP: 5/7
   751 | D:1      | Reached XP level 3. HP: 26/26 MP: 6/8
   995 | D:2      | Learned a level 3 spell: Conjure Flame
  1273 | D:2      | Reached XP level 4. HP: 27/33 MP: 5/9
  2072 | D:3      | Reached XP level 5. HP: 26/38 MP: 7/11
  2488 | D:4      | Learned a level 3 spell: Inner Flame
  2513 | D:4      | Found a sparkling altar of Nemelex Xobeh.
  2513 | D:4      | Noticed Jessica
  2517 | D:4      | Killed Jessica
  2517 | D:4      | Reached skill level 4 in Fire Magic
  2562 | D:4      | Noticed an ice beast
  2592 | D:4      | Killed an ice beast
  2592 | D:4      | Reached XP level 6. HP: 7/45 MP: 1/13
  2862 | D:4      | Learned a level 4 spell: Sticky Flame
  3379 | D:5      | Entered Level 5 of the Dungeon
  3402 | D:4      | Reached skill level 5 in Fire Magic
  3402 | D:4      | Reached XP level 7. HP: 39/50 MP: 2/14
  3885 | D:5      | Noticed Pikel
  3894 | D:5      | Killed Pikel
  3894 | D:5      | Reached skill level 5 in Conjurations
  3894 | D:5      | Reached skill level 6 in Fire Magic
  3894 | D:5      | Reached XP level 8. HP: 30/57 MP: 4/16
  4544 | D:7      | Found a bloodstained altar of Trog.
  4802 | D:7      | Reached skill level 7 in Fire Magic
  4925 | D:7      | Noticed a hippogriff
  4933 | D:7      | Killed a hippogriff
  5171 | D:6      | Reached XP level 9. HP: 62/62 MP: 8/19
  5204 | D:6      | Learned a level 5 spell: Fireball
  5204 | D:6      | Found Tauhuasu's Jewellery Shoppe.
  5713 | D:6      | Found a staircase to the Ecumenical Temple.
  6935 | D:8      | Reached skill level 5 in Dodging
  6941 | D:8      | Reached skill level 8 in Fire Magic
  7379 | D:8      | Found a shimmering altar of Xom.
  7380 | D:8      | Found a shimmering altar of Xom.
  7380 | D:8      | Found a shimmering altar of Xom.
  7391 | D:8      | Found a shimmering altar of Xom.
  7391 | D:8      | Found a shimmering altar of Xom.
  7392 | D:8      | Found a shimmering altar of Xom.
  7426 | D:7      | Slain by a sky beast

Skill      XL: |  1  2  3  4  5  6  7  8  9 |
---------------+----------------------------+-----
Conjurations   | 1 2 3 4 5 6 7 |  7.8
Dodging        | 2 3 4 5 |  5.4
Fire Magic     | 3 4 5 6 7 8 |  8.3
Spellcasting   | 2 3 4 |  4.9
Fighting       | |  0.3
Long Blades    | |  0.1
Stealth        | |  1.7

Action                   |  1- 3 |  4- 6 |  7- 9 || total
-------------------------+-------+-------+-------++-------
Melee: Unarmed           |     1 |       |       ||     1
       Hand axe          |     1 |     3 |       ||     4
       Dagger            |       |     6 |    27 ||    33
       Whip              |       |       |    35 ||    35
       Long sword        |       |       |     9 ||     9
 Cast: Flame Tongue      |    86 |   137 |   243 ||   466
       Sticky Flame      |       |       |    16 ||    16
       Inner Flame       |       |       |     3 ||     3
       Fireball          |       |       |     3 ||     3
  Use: Potion            |       |     4 |     6 ||    10
       Scroll            |       |       |    19 ||    19
  Eat: Chunk             |     2 |     6 |    16 ||    24
       Pizza             |       |       |     1 ||     1
Armor: Robe              |     2 |    24 |    39 ||    65
Dodge: Dodged            |    28 |    65 |   135 ||   228
       Rpst.: Long sword |       |       |     1 ||     1
